 Dungeon Crawl Stone Soup version 0.21-a0-531-gacddea6 (webtiles) character file.

362 Lavandula the Cutter (level 6, -2/48 HPs)
             Began as a Mummy Chaos Knight on Dec 13, 2017.
             Slain by an adder (3 damage)
             ... on level 3 of the Dungeon.
             The game lasted 00:05:57 (2499 turns).

Lavandula the Cutter (Mummy Chaos Knight)           Turns: 2499, Time: 00:05:58

Health: -2/48      AC:  5    Str: 15    XL:     6   Next: 39%
Magic:  6/6        EV: 11    Int: 12    God:    Xom [..*...]
Gold:   98         SH:  0    Dex: 13    Spells: 5/5 levels left

rFire    x . .     SeeInvis .   j - +1 halberd (flame)
rCold    + . .     Gourm    .   (shield currently unavailable)
rNeg     + + +     Faith    .   b - +2 leather armour
rPois    ∞         Spirit   .   (no helmet)
rElec    .         Reflect  .   (no cloak)
rCorr    .         Harm     .   (no gloves)
MR       .....                  (no boots)
Stlth    +.........             (no amulet)
HPRegen  0.16/turn              g - ring of wizardry
MPRegen  0.10/turn              (no ring)

@: about to teleport
A: no food or potions, fire vulnerability, cold resistance 1, negative energy
resistance 3, torment resistance, unbreathing
a: Renounce Religion


You were on level 3 of the Dungeon.
You worshipped Xom.
You were a toy of Xom.
You were not hungry.

You visited 1 branch of the dungeon, and saw 3 of its levels.

You collected 98 gold pieces.

Inventory:

Hand Weapons
 a - a +0 short sword of chaos
 c - a +0 dagger
 d - a -1 short sword
 j - a +1 halberd of flaming (weapon)
Armour
 b - a +2 leather armour (worn)
Jewellery
 g - a ring of wizardry (left hand)
Scrolls
 e - 2 scrolls of amnesia
 f - 2 scrolls of teleportation
 h - 2 scrolls of identify
 k - a scroll of random uselessness
 l - a scroll of remove curse


   Skills:
 - Level 3.8 Fighting
 - Level 3.9 Short Blades
 + Level 3.8 Polearms
 - Level 1.5 Armour
 - Level 0.7 Dodging


You had 5 spell levels left.
You didn't know any spells.

Dungeon Overview and Level Annotations

Branches:
Dungeon (3/15)

Altars:
Elyvilon
Gozag
Xom

Annotations:
D:2 Terence


Innate Abilities, Weirdness & Mutations

You do not eat or drink.
Your flesh is vulnerable to fire.
You are immune to poison.
Your flesh is cold resistant. (rC+)
You are immune to negative energy. (rN+++)
You are immune to unholy pain and torment.
You can survive without breathing.


Message History

Found a potion of curing.
You miss the adder. The adder bites you.
* * * LOW HITPOINT WARNING * * *
Cornered, the gnoll turns to fight!
You closely miss the adder. The adder closely misses you. The adder bites you.
* * * LOW HITPOINT WARNING * * *
You hit the adder. You burn the adder.
The adder is severely wounded.
The adder closely misses you. The adder bites you.
* * * LOW HITPOINT WARNING * * *
An orc priest comes into view. It is wielding a short sword.
As you read the scroll of teleportation, it crumbles to dust.
You feel strangely unstable. The adder closely misses you.
You miss the adder.
The adder is severely wounded.
The adder bites you.
* * * LOW HITPOINT WARNING * * *
The adder bites you.
You die...
Xom roars with laughter!

######### #
#######.gg...g# .#
#..S@g..#####.# .#.
.....o###### #.## ...
!.... ####### #.g##
... .. o... #.....#
##..## .# #.# ...
oo#.....# ##..# #
.... ..
S#.....######g.#
#.8...
#######......g.g...##
#....
......))..#########
...._ .#####.##.#


You could see an orc priest, 3 gnolls, an adder and an orc.

Vanquished Creatures
  Grinder (D:3)
  An orc wizard (D:3)
  3 gnolls
  3 adders
  An ooze (D:2)
  4 worms
  2 dart slugs
  A leopard gecko (D:3)
  3 orcs (D:3)
  4 bats
  3 giant cockroaches
  5 goblins
  8 hobgoblins
  3 jackals (D:3)
  8 kobolds
  A ball python (D:2)
  2 frilled lizards (D:2)
  3 rats
56 creatures vanquished.

Vanquished Creatures (collateral kills)
  2 gnolls (D:2)
2 creatures vanquished.

Grand Total: 58 creatures vanquished

Notes
Turn   | Place    | Note
-------+----------+-------------------------------------------
     0 | D:1      | Lavandula the Mummy Chaos Knight began the quest for the Orb.
     0 | D:1      | Reached XP level 1. HP: 18/18 MP: 1/1
    58 | D:1      | Reached XP level 2. HP: 21/24 MP: 2/2
   117 | D:1      | XOM: potion effect (brilliance)
   132 | D:1      | XOM: harmless Fire miscast
   520 | D:1      | Reached XP level 3. HP: 29/29 MP: 3/3
   551 | D:1      | XOM: noise
   643 | D:2      | XOM: summons 1 hostile demon
   646 | D:2      | XOM: smoke on damage
   858 | D:2      | XOM: 1-stop teleportation journey
   966 | D:2      | XOM: 4-stop teleportation journey
  1357 | D:2      | XOM: mild Tmut miscast
  1390 | D:2      | XOM: summons 2 friendly demons
  1410 | D:2      | Reached XP level 4. HP: 29/35 MP: 4/4
  1625 | D:2      | XOM: scenery: create altars
  1648 | D:3      | Found a white marble altar of Elyvilon.
  1977 | D:3      | Noticed Terence
  2217 | D:3      | Noticed Grinder
  2220 | D:3      | XOM: divination: detect creatures
  2227 | D:3      | Killed Grinder
  2227 | D:3      | Reached XP level 5. HP: 38/42 MP: 5/5
  2227 | D:3      | Reached XP level 6. HP: 44/48 MP: 6/6
  2261 | D:3      | Found an opulent altar of Gozag.
  2499 | D:3      | HP: 1/48 [adder (4)]
  2499 | D:3      | Slain by an adder

Vault maps used:
D:1:      tarquinn_simple_flora_water_f
D:3:      grunt_gozag_statues, elyvilon_altar_4, uniq_terence, uniq_grinder

Skill      XL: |  1  2  3  4 |
---------------+-------------+-----
Short Blades   | 3 |  3.9
Polearms       | 3 |  3.8
Fighting       | |  3.8
Armour         | |  1.5
Dodging        | |  0.7

Action                   |  1- 3 |  4- 6 || total
-------------------------+-------+-------++-------
Melee: Short sword       |    95 |    54 ||   149
       Halberd           |       |    64 ||    64
  Use: Scroll            |     3 |     5 ||     8
 Stab: Paralysed         |       |     2 ||     2
       Sleeping          |       |     2 ||     2
Armor: Leather armour    |    18 |    53 ||    71
Dodge: Dodged            |    59 |    68 ||   127

Table legend:
 A = Spawn XP
 B = Non-spawn XP
 C = Spawn XP percentage of total XP
 D = Spawn monster count
 E = Non-spawn monster count
 F = Spawn count percentage of total count
 G = Total turns spent on level
                    A         B        C        D         E        F      G
               +---------+---------+-------+---------+---------+-------+---------
         Total |       0 |     518 |   0.0 |       0 |      58 |   0.0 |  2499
               +---------+---------+-------+---------+---------+-------+---------
           D:1 |       0 |      42 |   0.0 |       0 |      15 |   0.0 |   872
           D:2 |       0 |      82 |   0.0 |       0 |      18 |   0.0 |  1197
           D:3 |       0 |     394 |   0.0 |       0 |      25 |   0.0 |   430
               +---------+---------+-------+---------+---------+-------+---------
